 Dungeon Crawl Stone Soup version 0.27-a0-1565-gad902ab807 (webtiles) character file.

Game seed: 12704635782407910596

9995 gimp the Cleaver (level 11, -3/89 HPs)
             Began as a Formicid Monk on July 16, 2021.
             Was a High Priest of Zin.
             Slain by a cane toad (14 damage)
             ... on level 1 of the Lair of Beasts.
             The game lasted 00:26:53 (16723 turns).

gimp the Cleaver (Formicid Monk)                   Turns: 16723, Time: 00:26:54

Health: -3/89      AC: 13    Str: 19    XL:     11   Next: 84%
Magic:  11/11      EV: 10    Int: 12    God:    Zin [*****.]
Gold:   244        SH:  6    Dex: 20    Spells: 10/10 levels left

rFire    . . .     SeeInvis +   a - +0 hand axe (flame)
rCold    . . .     Faith    .   x - +0 buckler
rNeg     . . .     Spirit   .   o - +0 chain mail
rPois    ∞         Reflect  .   (helmet unavailable)
rElec    .         Harm     .   c - +0 cloak
rCorr    .         Rampage  .   (no gloves)
Will     +....                  B - +0 pair of boots
Stlth    ..........             (no amulet)
HPRegen  0.24/turn              s - +6 ring of dexterity
MPRegen  0.12/turn              e - ring of poison resistance

@: vitalised
A: permanent stasis, dig shafts and tunnels, antennae 3, four strong arms
a: Dig, Shaft Self, Renounce Religion, Recite, Vitalisation, Imprison,
Sanctuary, Donate Gold


You were on level 1 of the Lair of Beasts.
You worshipped Zin.
Zin was extremely pleased with you.
You visited 3 branches of the dungeon, and saw 14 of its levels.

You collected 504 gold pieces.
You spent 210 gold pieces at shops.
You donated 50 gold pieces to Zin.

Inventory:

Hand Weapons
 a - a +0 hand axe of flaming (weapon)
 d - a +0 war axe
 w - a +2 hand axe
Missiles
 q - 7 poisoned darts (quivered)
 r - 7 atropa-tipped darts
 z - 6 boomerangs of dispersal
Armour
 c - a +0 cloak (worn)
 o - a +0 chain mail (worn)
 x - a +0 buckler (worn)
 B - a +0 pair of boots (worn)
Jewellery
 e - a ring of poison resistance (right hand)
 l - a ring of ice
 p - a ring of fire
 s - a +6 ring of dexterity (left hand)
 u - a +6 ring of dexterity
 v - a ring of willpower
Wands
 g - a wand of acid (3)
 h - a wand of digging (6)
 k - a wand of paralysis (5)
 y - a wand of flame (20)
Scrolls
 f - a scroll of holy word
 i - 2 scrolls of fog {unknown}
 j - 2 scrolls of silence
 m - 2 scrolls of enchant armour
 n - 3 scrolls of magic mapping
Potions
 b - 2 potions of curing
 t - a potion of mutation
 A - a potion of attraction {unknown}
 C - a potion of degeneration {unknown}


   Skills:
 - Level 9.0 Fighting
 * Level 13.3 Axes
 + Level 8.1 Armour
 + Level 4.3 Dodging
 - Level 2.4 Stealth
 - Level 4.0 Shields
 + Level 0.5 Invocations


You had 10 spell levels left.
You didn't know any spells.
Your spell library contained the following spells:

 Spells                   Type           Power      Damage    Failure   Level
 Sandblast                Erth           0%         2d4       96%         1
 Sting                    Tmut/Pois      0%         1d3       96%         1
 Passwall                 Tmut/Erth      0%         N/A       99%         2
 Poisonous Vapours        Pois/Air       0%         N/A       99%         2
 Slow                     Hex            0%         N/A       99%         2
 Static Discharge         Conj/Air       0%         N/A       99%         2
 Confusing Touch          Hex            0%         N/A       100%        3
 Vampiric Draining        Necr           0%         2d6       100%        3
 Dispel Undead            Necr           0%         3d6       100%        4
 Olgreb's Toxic Radiance  Pois           0%         N/A       100%        4
 Sticky Flame             Conj/Fire      0%         2d3       100%        4
 Summon Ice Beast         Ice/Summ       0%         N/A       100%        4
 Lee's Rapid Deconstruct  Erth           0%         3d5*      100%        5
 Summon Forest            Summ/Tloc      0%         N/A       100%        5
 Summon Mana Viper        Hex/Summ       0%         N/A       100%        5
 Eringya's Noxious Bog    Tmut/Pois      0%         N/A       100%        6
 Monstrous Menagerie      Summ           0%         N/A       100%        7
 Summon Hydra             Summ           0%         N/A       100%        7


Dungeon Overview and Level Annotations

Branches:
Dungeon (11/15)            Temple (1/1) D:5            Lair (2/6) D:10
  Swamp: Lair:2-4    Shoals: Lair:2-4     Snake: Lair:2-4    Spider: Lair:2-4
    Orc: D:9-12

Altars:
Ashenzari
Cheibriados
Dithmenos
Elyvilon
Fedhas
Gozag
Hepliaklqana
Kikubaaqudgha
Makhleb
Nemelex Xobeh
Okawaru
Qazlal
Ru
Sif Muna
Trog
Uskayaw
Vehumet
Wu Jian
Xom
Yredelemnul
Zin
The Shining One

Shops:
D:4 :   D:7 ?

Annotations:
D:4 1 runed translucent door, avis's ghost, weakling OpTm
D:9 Harold
D:10 3 runed translucent doors, vexzain's ghost, novice MfVM
Lair:1 Fannar


Innate Abilities, Weirdness & Mutations

You cannot be hasted, slowed, berserked, paralysed or teleported.
You can dig through walls and to a lower floor.
You have a pair of large antennae on your head. (SInv)
Your four strong arms can wield two-handed weapons with a shield.


Message History

You closely miss the blink frog. The blink frog closely misses you.
The blink frog blinks!
You slash the blink frog! You burn the blink frog.
The blink frog is severely wounded.
You hit the blink frog. You burn the blink frog. You hit the blink frog.
You burn the blink frog.
A wyvern comes into view.
The blink frog hits you but does no damage. x2
The blink frog hits you!
Something bites the plant!
The plant begins to die.
There is a stone staircase leading up, spattered with blood here.
You take 13 damage, and have 34/89 hp.
You closely miss the blink frog.
The blink frog is moderately wounded.
You miss the blink frog. You block the blink frog's attack.
Something bites the plant!
The blink frog hits you.
The blink frog blinks!
Something bites the plant!
The blink frog hits you!
* * * LOW HITPOINT WARNING * * *
The blink frog blinks!
You climb upwards.
Level annotation: Fannar The sentinel's mark upon you fades away.
There is a stone staircase leading down here.
You take 9 damage, and have 26/89 hp.
The cane toad stings you.
* * * LOW HITPOINT WARNING * * *
Your divine stamina protects you from poison!
You take 2 damage, and have 24/89 hp.
There is an open door here.
The cane toad stings you.
* * * LOW HITPOINT WARNING * * *
There is an open door, spattered with blood here.
You take 6 damage, and have 19/89 hp.
MP restored: 11 Fannar gestures at you while chanting.
The bolt of cold hits you!
* * * LOW HITPOINT WARNING * * *
You take 16 damage, and have 3/89 hp.
You feel better. The cane toad stings you!
You die...

... ##........ #
#.+#####. ≈. ##...#
≈≈≈.. #..### ≈≈≈..
#..# ≈≈≈≈.##### #.##
≈≈≈≈...#.# ##'#######
≈≈≈≈.....# #.........
≈≈≈≈.....###@........
≈≈≈..(...#.F.........
≈........e.#.........
.........#.#.........
#.#####'####>........
###....# ####.P+###
##.#..#.# #...
#.....### .##
###.....# .


You could see Fannar and a cane toad.

Vanquished Creatures
  Erolcha (D:9)
  2 two-headed ogres
  A manticore (D:7)
  3 centaur zombies
  Maggie (D:7)
  A meliai zombie (D:10)
  Sigmund (D:5)
  8 yaks
  2 wraiths
  2 wyverns
  3 wargs (D:9)
  5 water moccasins
  2 ice beasts (D:6)
  2 necrophages
  3 black bears (D:6)
  10 centaurs
  3 ogres (D:5)
  2 phantoms
  A gnoll sergeant (D:6)
  5 bullfrogs
  2 wyvern zombies
  A scorpion (D:5)
  A howler monkey (D:5)
  9 wights
  A jelly (D:3)
  A centaur skeleton (D:6)
  8 orc priests
  3 hounds
  2 bullfrog skeletons
  2 iguanas (D:5)
  Ijyb (D:3)
  A scorpion zombie (D:5)
  7 orc wizards
  2 howler monkey zombies
  4 gnolls (D:6)
  An adder (D:2)
  3 shadow imps
  2 white imps
  A worm (D:3)
  31 orcs
  3 bats
  6 endoplasms
  5 giant cockroaches
  6 goblins
  3 hobgoblins
  10 jackals
  5 quokkas
  2 ball pythons
  A frilled lizard (D:1)
  7 kobolds
  5 rats
194 creatures vanquished.

Vanquished Creatures (others)
  A wight (D:10)
  An orc wizard (D:5)
  5 fungi
  8 plants
  2 withered plants (D:4)
17 creatures vanquished.

Grand Total: 211 creatures vanquished

Notes
Turn   | Place    | Note
-------+----------+-------------------------------------------
     0 | D:1      | gimp the Formicid Monk began the quest for the Orb.
     0 | D:1      | Reached XP level 1. HP: 18/18 MP: 1/1
    92 | D:1      | Reached XP level 2. HP: 14/24 MP: 2/2
   413 | D:1      | Found a faded altar of an unknown god.
   530 | D:1      | Reached skill level 1 in Armour
   681 | D:1      | Reached XP level 3. HP: 14/29 MP: 3/3
  1890 | D:2      | Reached XP level 4. HP: 37/37 MP: 4/4
  1893 | D:2      | Found a glowing golden altar of the Shining One.
  2132 | D:3      | Reached skill level 4 in Axes
  2470 | D:3      | Noticed a necrophage
  2488 | D:3      | Killed a necrophage
  2489 | D:3      | Reached XP level 5. HP: 31/42 MP: 5/5
  2596 | D:3      | Noticed Ijyb
  2617 | D:3      | Killed Ijyb
  2618 | D:3      | Reached XP level 6. HP: 41/49 MP: 6/6
  2709 | D:3      | Reached skill level 5 in Axes
  3137 | D:3      | Found a shimmering blue altar of Sif Muna.
  3217 | D:4      | Found Wuesuni's Book Boutique.
  3430 | D:4      | Reached XP level 7. HP: 33/55 MP: 7/7
  3660 | D:4      | Reached skill level 5 in Fighting
  3737 | D:4      | Found a runed translucent door.
  3738 | D:4      | Noticed avis's ghost (weakling OpTm)
  3864 | D:5      | Entered Level 5 of the Dungeon
  3866 | D:5      | Noticed Sigmund
  4035 | D:5      | Reached skill level 6 in Axes
  4142 | D:5      | Noticed a water moccasin
  4152 | D:5      | Killed a water moccasin
  4174 | D:5      | Reached XP level 8. HP: 30/63 MP: 8/8
  4402 | D:5      | Found a staircase to the Ecumenical Temple.
  4469 | Temple   | Entered the Ecumenical Temple
  4684 | Temple   | Became a worshipper of Zin the Law-Giver
  4684 | Temple   | Reached * piety under Zin
  4684 | Temple   | Reached ** piety under Zin
  4716 | D:5      | Reached skill level 7 in Axes
  4989 | D:5      | Killed Sigmund
  4990 | D:5      | Reached skill level 5 in Armour
  5082 | D:5      | You fall into a shaft and drop 2 floors!
  5085 | D:7      | Found Nota's Magic Scroll Emporium.
  5367 | D:7      | Reached skill level 8 in Axes
  5517 | D:7      | Bought a scroll of identify for 24 gold pieces
  5520 | D:7      | Bought a scroll of identify for 24 gold pieces
  5520 | D:7      | Bought 2 scrolls of identify for 48 gold pieces
  5520 | D:7      | Bought a scroll of identify for 24 gold pieces
  5585 | D:6      | Reached XP level 9. HP: 32/71 MP: 9/9
  6813 | D:6      | Reached skill level 9 in Axes
  7019 | D:6      | Reached *** piety under Zin
  7220 | D:6      | Reached skill level 1 in Shields
  8152 | D:7      | Noticed a manticore
  8169 | D:7      | Killed a manticore
  8170 | D:7      | Reached skill level 10 in Axes
  8170 | D:7      | Reached XP level 10. HP: 17/80 MP: 10/10
  8569 | D:7      | Noticed a cyclops
  9426 | D:7      | Bought a scroll of silence for 90 gold pieces
  9431 | D:8      | Noticed Maggie
  9474 | D:7      | Killed Maggie
  9957 | D:8      | Reached **** piety under Zin
 10366 | D:9      | Noticed a two-headed ogre
 10387 | D:9      | Killed a two-headed ogre
 10388 | D:9      | Reached skill level 11 in Axes
 10871 | D:9      | Noticed Erolcha
 10875 | D:9      | You fall into a shaft and drop 2 floors!
 10892 | D:10     | Entered Level 10 of the Dungeon
 11469 | D:9      | Killed Erolcha
 11470 | D:9      | Reached XP level 11. HP: 16/89 MP: 11/11
 11823 | D:9      | Reached skill level 12 in Axes
 11989 | D:9      | You fall into a shaft and drop 2 floors!
 12852 | D:10     | Found a runed translucent gate.
 12854 | D:10     | Found a runed translucent gate.
 12854 | D:10     | Found a runed translucent gate.
 13100 | D:9      | Noticed Harold
 13100 | D:9      | Noticed a cyclops
 13188 | D:10     | Found a staircase to the Lair.
 13991 | D:9      | Noticed a two-headed ogre
 14430 | D:10     | Reached skill level 13 in Axes
 14575 | D:10     | Noticed vexzain's ghost (novice MfVM)
 14575 | D:10     | Noticed a 12-headed hydra
 14576 | D:10     | Noticed a nine-headed hydra
 15011 | D:10     | Noticed a two-headed ogre
 15019 | D:10     | Killed a two-headed ogre
 15182 | D:10     | Reached ***** piety under Zin
 15574 | D:11     | Noticed a death knight
 15981 | D:11     | Noticed a four-headed hydra
 16288 | Lair:1   | Entered Level 1 of the Lair of Beasts
 16343 | Lair:1   | Noticed Fannar
 16721 | Lair:1   | HP: 3/89 [Fannar/bolt of cold (16)]
 16723 | Lair:1   | Slain by a cane toad

Illustrated notes

Levels and vault maps discovered:
D:1:      shiori_arrival_maze, layout_basic, basic_ecumenical_altar, hex_medium,
          minivault_24, lemuel_flame_loot_1
D:2:      layout_basic, basic_altar, kennysheep_another_room
D:3:      layout_rooms, mainiacjoe_overflow_alcove_2, grunt_ministairs_11,
          st_stairs_1, uniq_ijyb
D:4:      layout_basic, serial_shops, nicolae_shop_stone, gammafunk_ghost_grave
D:5:      layout_cave_pools, minmay_temple_entry_glassed_door,
          serial_column_ruins, column_ruins_hut_ruined, column_ruins_grid_2,
          column_ruins_grid_3, column_ruins_open_small_water,
          column_ruins_open_tiny, column_ruins_open_tiny, uniq_sigmund
D:6:      layout_loops_ring
D:7:      layout_cave_pools, serial_shops, nicolae_stop_n_shop_1,
          serial_co_window_serial, co_window_paths_a, co_window_corner_a,
          co_window_corner_a, co_window_paths_a, co_window_corner_a,
          co_window_unsneaky_path_b, co_window_broadway_a, co_window_broadway_a,
          co_window_unsneaky_path_a, co_window_2corner, co_window_corner_b,
          glass_columns_b, glass_columns_a, lightli_corner_chamber
D:8:      layout_cave_pools, uniq_maggie
D:9:      cheibrodos_ideogram_h, layout_long_grid, billiards_dpeg, uniq_harold,
          uniq_erolcha
D:10:     layout_small_grid, erik_lair_orcish_takeover,
          gammafunk_ghost_hydra_chop, minmay_orc_keep
D:11:     layout_layer_cave, orc_david_3
Temple:   dpeg_three_leaves_temple
Lair:1:   layout_roguey, infiniplex_staircase_pool, uniq_nergalle, uniq_fannar
Lair:2:   layout_cave_shapes, dummy_snake_entry, cheibrodos_lair_caveside_slide,
          hangedman_lair_generics_rect, lemuel_fruit_fields,
          minmay_lair_oklob_chamber, uniq_urug, uniq_gastronok

Skill      XL: |  1  2  3  4  5  6  7  8  9 10 11 |
---------------+----------------------------------+-----
Armour         | 1 2 3 4 5 6 7 8 |  8.1
Axes           | 4 5 6 8 10 11 13 | 13.3
Fighting       | 4 5 6 8 9 |  9.0
Shields        | 3 4 |  4.0
Dodging        | 4 |  4.3
Stealth        | |  2.4
Invocations    | |  0.5

Action                   |  1- 3 |  4- 6 |  7- 9 | 10-12 || total
-------------------------+-------+-------+-------+-------++-------
Melee: Hand axe          |   104 |   140 |   332 |   520 ||  1096
Throw: Dart              |       |       |    11 |    13 ||    24
Invok: Vitalisation      |       |       |       |     5 ||     5
       Recite            |       |       |       |     1 ||     1
 Abil: Dig               |     2 |     2 |     8 |    11 ||    23
       Shaft Self        |       |       |     1 |     2 ||     3
Evoke: Wand              |       |       |     7 |    11 ||    18
  Use: Scroll            |       |       |    11 |     4 ||    15
       Potion            |       |       |     5 |     3 ||     8
 Stab: Sleeping          |     5 |       |       |       ||     5
       Paralysed         |       |       |       |     3 ||     3
Armor: Robe              |    20 |       |       |       ||    20
       Scale mail        |     3 |    20 |       |       ||    23
       Chain mail        |       |    52 |   135 |   249 ||   436
Dodge: Dodged            |    64 |    72 |   138 |   193 ||   467
Block: Buckler           |       |       |    24 |   141 ||   165

Table legend: (Time is in decaauts)
 A = Elapsed time spent in this place.
 B = Non-inter-level travel time spent in this place.
 C = Inter-level travel time spent in this place.
 D = Time resting spent in this place.
 E = Time spent auto-exploring this place.
 F = Levels seen in this place.
 G = Mean time per level.
                   A        B        C        D        E       F      G
               +--------+--------+--------+--------+--------+-----+--------+
         Total |  16585 |  16210 |    375 |   2887 |  10931 |  14 | 1184.6 |
       Dungeon |  15941 |  15582 |    359 |   2622 |  10680 |  11 | 1449.2 |
        Temple |    224 |    216 |      8 |      0 |    192 |   1 |  224.0 |
          Lair |    419 |    411 |      8 |    265 |     59 |   2 |  209.5 |
               +--------+--------+--------+--------+--------+-----+--------+

Top non-repeatable levels by time:
     D:9: 3207 daAuts
    D:10: 2253 daAuts
     D:7: 2060 daAuts
     D:6: 1895 daAuts
     D:5: 1378 daAuts
     D:1: 1346 daAuts
     D:2: 944 daAuts
     D:3: 926 daAuts
     D:4: 791 daAuts
     D:8: 650 daAuts
    D:11: 487 daAuts
  Lair:2: 327 daAuts
  Temple: 224 daAuts
  Lair:1: 92 daAuts
